 Dungeon Crawl Stone Soup version 0.32-a0-475-g46bb8dd (webtiles) character file.

Game seed: 1315693488484959165

116 brrff the Cudgeller (level 4, 0/38 HPs)
             Began as a Minotaur Gladiator on Feb 25, 2024.
             Slain by Sigmund
             ... wielding a +0 scythe
              (7 damage)
             ... on level 2 of the Dungeon.
             The game lasted 00:03:59 (1475 turns).

brrff the Cudgeller (Minotaur Gladiator)            Turns: 1475, Time: 00:03:59

Health: 0/38       AC:  5    Str: 18    XL:     4   Next: 70%
Magic:  3/3        EV: 12    Int:  7    God:
Gold:   52         SH:  0    Dex: 12    Spells: 3/3 levels left

rFire   . . .        g - +3 trident (flame)
rCold   . . .        (no shield)
rNeg    . . .        j - +0 ring mail
rPois   .            c - +0 hat
rElec   .            (no cloak)
rCorr   .            (no gloves)
SInv    .            (no boots)
Will    .....        (no amulet)
Stlth   +            (no ring)
HPRegen 0.26/turn    (no ring)
MPRegen 0.08/turn

%: no passive effects
@: no status effects
A: horns 2, retaliatory headbutt
a: no special abilities


You were on level 2 of the Dungeon.
You visited 1 branch of the dungeon, and saw 2 of its levels.

You collected 52 gold pieces.

Inventory:

Hand Weapons
 a - a +0 flail
 g - a +3 trident of flaming (weapon)
Missiles
 d - 3 throwing nets (quivered)
 e - a javelin
Armour
 b - a +0 leather armour
 c - a +0 hat (worn)
 j - a +0 ring mail (worn)
Scrolls
 h - a scroll of identify {unknown}
 m - a scroll of vulnerability {unknown}
Potions
 f - 2 potions of curing {unknown}
 i - a potion of invisibility {unknown}
 k - a potion of lignification {unknown}
 l - a potion of mutation {unknown}


   Skills:
 + Level 3.0 Fighting
 + Level 4.7 Maces & Flails
 + Level 1.7 Polearms
 + Level 2.1 Throwing
 + Level 2.2 Armour
 + Level 3.9 Dodging


You had 3 spell levels left.
You didn't know any spells.
Your spell library contained the following spells:

 Spells                   Type           Power      Damage    Failure   Level
 Volatile Blastmotes      Fire/Tloc      0%         2d10      94%         3
 Fulminant Prism          Conj/Alch      0%         3d5       100%        4
 Iskenderun's Mystic Bla  Conj/Tloc      0%         2d3       100%        4


Dungeon Overview and Level Annotations

Branches:
Dungeon (2/15)

Altars:

Annotations:
D:2 Sigmund


Innate Abilities, Weirdness & Mutations

You have a pair of horns on your head.
You reflexively headbutt those who attack you in melee.


Message History

Sigmund the Dreaded comes into view.
He is wielding a +0 scythe and carrying a wand of flame.
Sigmund shouts!
Sigmund points at you and mumbles some strange words.
You resist with some effort.
Sigmund is nearby!
Sigmund is nearby!
Sigmund is nearby!
Sigmund is nearby!
Sigmund is nearby!
Sigmund gestures at you while chanting.
You are confused.
You are too confused!
Sigmund zaps a wand.
The puff of flame misses you.
You're too confused to move!
You feel less confused.
Sigmund mumbles some strange words.
Sigmund flickers and vanishes!
Deactivating autopickup; reactivate with Ctrl-A.
You hear a zap.
A puff of flame appears from out of thin air!
The puff of flame misses you.
You miss something. Something hits you but does no damage.
You puncture something! You burn something. Your headbutt misses something.
Something hits you.
You barely miss something.
You hear some strange, mumbled words.
You are confused.
Something hits you!
You're too confused to move!
You hear a zap.
A puff of flame appears from out of thin air!
The puff of flame hits you. Something hits you!
You hear a zap.
A puff of flame appears from out of thin air!
The puff of flame hits you!
* * * LOW HITPOINT WARNING * * *
You feel less confused. Something hits you!
You die...

#......# #.# #.#.#
#......# #.# #.#.#
#......###'#######
#.#.#
#.................
..#.#
####....†...######
#.# #........# #.#
#........#
######.#
#........#
#.......
#....@...#
#.......
#...{....#
#.......
#........#
#.......
#........#
######.#
#........# #.#
####...### ...
#...# .... #...#


There were no monsters in sight!

Vanquished Creatures
  Jessica (D:2)
  Natasha (D:2)
  An adder (D:2)
  A gnoll (D:1)
  A dart slug (D:1)
  5 endoplasms
  5 giant cockroaches
  2 goblins (D:1)
  5 hobgoblins (D:1)
  4 quokkas (D:1)
  4 ball pythons
  5 bats
  2 frilled lizards
  3 kobolds
  3 rats (D:1)
43 creatures vanquished.

Notes
Turn   | Place    | Note
-------+----------+-------------------------------------------
     0 | D:1      | brrff the Minotaur Gladiator began the quest for the Orb.
     0 | D:1      | Reached XP level 1. HP: 18/18 MP: 0/0
   155 | D:1      | Reached XP level 2. HP: 25/25 MP: 1/1
   157 | D:1      | Reached skill level 4 in Maces & Flails
   581 | D:1      | Reached XP level 3. HP: 30/30 MP: 2/2
   999 | D:2      | Noticed Jessica
  1006 | D:2      | Killed Jessica
  1007 | D:2      | Reached skill level 1 in Polearms
  1007 | D:2      | Reached skill level 1 in Armour
  1007 | D:2      | Reached XP level 4. HP: 24/37 MP: 3/3
  1359 | D:2      | Noticed Natasha
  1362 | D:2      | Killed Natasha
  1458 | D:2      | Noticed Sigmund
  1475 | D:2      | Slain by Sigmund

Illustrated notes

Levels and vault maps discovered:
D:1:      dpeg_arrival_arbitrary_a, layout_basic
D:2:      layout_basic, dreamdust_ecumenical_altar_statues, uniq_sigmund,
          uniq_jessica, uniq_natasha

Skill      XL: |  1  2  3  4 |
---------------+-------------+-----
Maces & Flails | 4 |  4.7
Polearms       | 1 |  1.7
Armour         | 1 2 |  2.2
Fighting       | 3 |  3.0
Throwing       | |  2.1
Dodging        | |  3.9

Action                     |  1- 3 |  4- 6 || total
---------------------------+-------+-------++-------
  Melee: Flail             |    12 |       ||    12
         Trident           |    38 |    22 ||    60
         Headbutt          |     4 |     1 ||     5
    Use: Scroll            |     3 |       ||     3
 Armour: Leather armour    |    17 |       ||    17
         Ring mail         |    25 |    22 ||    47
         Skin              |     2 |       ||     2
  Dodge: Dodged            |    41 |    16 ||    57

Table legend: (Time is in decaauts)
 A = Elapsed time spent in this place.
 B = Non-inter-level travel time spent in this place.
 C = Inter-level travel time spent in this place.
 D = Time resting spent in this place.
 E = Time spent auto-exploring this place.
 F = Levels seen in this place.
 G = Mean time per level.
                   A        B        C        D        E       F      G
               +--------+--------+--------+--------+--------+-----+--------+
         Total |   1492 |   1436 |     56 |      0 |   1120 |   2 |  746.0 |
       Dungeon |   1492 |   1436 |     56 |      0 |   1120 |   2 |  746.0 |
               +--------+--------+--------+--------+--------+-----+--------+

Top non-repeatable levels by time:
     D:1: 1008 daAuts
     D:2: 484 daAuts
